cohdb
Replays
Latest Replays
All Replays
Popular Replays
Top Player Replays
Match Explorer
How It Works
Community
CoH3 Stats
Reddit
Sign in to upload your games and track your stats! →
Sign in with Steam
Match 40779306
Unlisted
Match 40779306
Overview
Messages
Build Orders
End
Engineer Squad
Construct Weapon Support Center
M1919 Machine Gun Team
M1919 Machine Gun Team
Construct Barracks
M1 Mortar Team
Air Support Center
P-47 Strafing Run
Riflemen Squad
Grasshopper Recon Run
P-47 Dive Bomb
Construct Motor Pool
Grenade Package
P-47 Strafing Run
Riflemen Squad
Grasshopper Recon Run
.30 cal Machine Gun
M24 Chaffee Light Tank
Grasshopper Recon Run
Selects Heavy Weapons
Selects M2HB .50cal Heavy Machine Gun
Selects Assault Carriers
Selects Exchangeable Parts
P-47 Strafing Run
P-47 Dive Bomb
M24 Chaffee Light Tank
Grasshopper Recon Run
Grasshopper Recon Run
Selects Towed M5 3-inch Anti-tank Gun
Towed M5 3-inch Anti-tank Gun
Towed M5 3-inch Anti-tank Gun
P-47 Dive Bomb
Towed M5 3-inch Anti-tank Gun
2087556
Maman Skadi
CPU - VERY EASY
kimbreaker
Dune_el
Potato slicer
0
0
Comments
sign in to comment!
No comments posted yet!